 Dungeon Crawl Stone Soup version 0.28.0-53-g5a82cb258f (webtiles) character file.

Game seed: 2503317906774503888

65 Destapler the Skirmisher (level 3, -2/34 HPs)
             Began as a Minotaur Fighter on July 18, 2022.
             Was a Believer of Zin.
             Shot with an arrow by a centaur (7 damage)
             ... on level 3 of the Dungeon.
             The game lasted 00:02:38 (1685 turns).

Destapler the Skirmisher (Minotaur Fighter)         Turns: 1685, Time: 00:02:39

Health: -2/34      AC:  7    Str: 22    XL:     3   Next: 94%
Magic:  2/2        EV:  9    Int:  5    God:    Zin [**....]
Gold:   104        SH:  4    Dex:  9    Spells: 2/2 levels left

rFire   . . .      SeeInvis .   a - +0 war axe
rCold   . . .      Faith    .   c - +0 buckler
rNeg    . . .      Spirit   .   b - +0 scale mail
rPois   .          Reflect  .   (helmet restricted)
rElec   .          Harm     .   (no cloak)
rCorr   .          Rampage  .   (no gloves)
Will    .....                   (no boots)
Stlth   ..........              (no amulet)
HPRegen 0.11/turn               (no ring)
MPRegen 0.08/turn               (no ring)

@: no status effects
A: horns 2, retaliatory headbutt
a: Renounce Religion, Recite, Vitalisation, Donate Gold


You were on level 3 of the Dungeon.
You worshipped Zin.
Zin was pleased with you.
You visited 1 branch of the dungeon, and saw 3 of its levels.

You collected 115 gold pieces.
You donated 11 gold pieces to Zin.

Inventory:

Hand Weapons
 a - a +0 war axe (weapon)
Armour
 b - a +0 scale mail (worn)
 c - a +0 buckler (worn)
Scrolls
 e - a scroll of identify {unknown}
 f - a scroll of immolation {unknown}
 h - a scroll of teleportation {unknown}
 i - a scroll of enchant armour {unknown}
Potions
 d - a potion of might
 g - 3 potions of degeneration {unknown}
 j - a potion of mutation {unknown}
 k - a potion of brilliance {unknown}


   Skills:
 + Level 4.3 Fighting
 + Level 3.3 Axes
 + Level 4.2 Armour
 + Level 4.3 Shields


You had 2 spell levels left.
You didn't know any spells.
Your spell library contained the following spells:

 Spells                   Type           Power      Damage    Failure   Level
 Gell's Gravitas          Tloc           0%         N/A       99%         3
 Lesser Beckoning         Tloc           0%         N/A       99%         3
 Teleport Other           Tloc           0%         N/A       99%         3


Dungeon Overview and Level Annotations

Branches:
Dungeon (3/15)

Altars:
Kikubaaqudgha
Zin

Shops:
D:2 ?


Innate Abilities, Weirdness & Mutations

You have a pair of horns on your head.
You reflexively headbutt those who attack you in melee.


Message History

You kill the kobold!
No target in view!
No target in view!
Things that are here:
a +0 short sword; 4 stones
Found an ancient bone altar of Kikubaaqudgha.
An adder comes into view.
The adder moves out of view.
Found 9 gold pieces.
The adder hisses angrily.
An adder is nearby!
An adder is nearby!
A centaur comes into view.
Found an iron wand.
The centaur shouts!
The centaur wields a +0 shortbow.
The centaur shoots an arrow.
The arrow hits you!
You closely miss the adder. The adder bites you but does no damage.
The centaur shoots an arrow.
The arrow hits you but does no damage.
An orc comes into view. It is wielding a +0 club.
You barely miss the adder.
The centaur shoots an arrow.
The arrow hits you. The adder bites you.
The centaur shoots an arrow.
You block the arrow. The adder bites you but does no damage.
You miss the adder.
The centaur shoots an arrow.
The arrow hits you but does no damage. The adder bites you but does no damage.
The centaur shoots an arrow.
The arrow hits you!
* * * LOW HITPOINT WARNING * * *
The adder barely misses you. You furiously retaliate!
You headbutt the adder!
The centaur shoots an arrow.
The arrow hits you.
* * * LOW HITPOINT WARNING * * *
The centaur shoots an arrow.
The arrow barely misses you. The adder bites you but does no damage.
Unknown command.
The adder barely misses you. You furiously retaliate!
You headbutt the adder!
You kill the adder!
The centaur shoots an arrow.
The arrow barely misses you.
There is a stone staircase leading up here.
The centaur shoots an arrow.
The arrow closely misses you.
The centaur shoots an arrow.
The arrow hits you!
You die... #.# #...PPPPP

#.# ##........
##.######.........
##...#....c..≈≈≈≈..
##.###.c#####....≈..
##.## ##†## /._.≈..
..######.## ##.#
....≈.. .........#
#.# ....co.
########.## ##@#
##.#### ##.## ##.##
.# #######.###..#
#.....)†...#........
#.###############.##


You could see a centaur.

Vanquished Creatures
  2 adders
  An ufetubus (D:2)
  2 dart slugs
  3 endoplasms (D:2)
  4 giant cockroaches
  A goblin (D:2)
  3 hobgoblins (D:1)
  5 jackals
  A quokka (D:1)
  A ball python (D:1)
  6 bats
  4 kobolds
  2 rats (D:2)
35 creatures vanquished.

Notes
Turn   | Place    | Note
-------+----------+-------------------------------------------
     0 | D:1      | Destapler the Minotaur Fighter began the quest for the Orb.
     0 | D:1      | Reached XP level 1. HP: 19/19 MP: 0/0
   231 | D:1      | Reached XP level 2. HP: 27/27 MP: 1/1
   812 | D:1      | Found a faded altar of an unknown god.
   815 | D:1      | Prayed at the altar of an unknown god.
   815 | D:1      | Became a worshipper of Zin the Law-Giver
   815 | D:1      | Reached * piety under Zin
  1225 | D:2      | Reached XP level 3. HP: 33/33 MP: 2/2
  1237 | D:2      | Reached ** piety under Zin
  1401 | D:2      | Found Mufam's Magic Scroll Shop.
  1669 | D:3      | Found an ancient bone altar of Kikubaaqudgha.
  1671 | D:3      | Noticed a centaur
  1685 | D:3      | Shot with an arrow by a centaur

Illustrated notes

Levels and vault maps discovered:
D:1:      dpeg_arrival_shelter, layout_loops_cross,
          shapermc_ecumenical_altar_hornbeckon, serial_bayou_crossing
D:2:      layout_basic, serial_shops, shop
D:3:      layout_loops_ring, mainiacjoe_overflow_chevrons

Skill      XL: |  1  2 |
---------------+-------+-----
Fighting       | 4 |  4.3
Shields        | 4 |  4.3
Armour         | 4 |  4.2
Axes           | 3 |  3.3

Action                   || total
-------------------------++-------
Melee: War axe           ||    78
       Headbutt          ||     5
Armor: Scale mail        ||    51
Dodge: Dodged            ||    47
Block: Buckler           ||    29
